Map: [ESL] Royal Blood

Players

Zoun - Winner!

  • Race: Protoss Protoss

soO

  • Race: Zerg Zerg

Event: IEM Katowice 2023

VOD

Have the link to the VOD?

Description

Time

  • Played on: Feb. 8, 2023, 10:18 a.m.
  • Length: 11:41

All games in this series

Show
View Real Time Build Order
Export as new Build Order

Zoun Protoss - Winner!

Build Orders: 1 Gate Expand, Mass Adepts 

Get SALT Encoding   

  12  0:00  Probe  
  13  0:12  Probe  
  14  0:19  Pylon  
  14  0:24  Probe  
  15  0:37  Probe (Chrono Boost)  
  15  0:40  Gateway  
  16  0:46  Probe (Chrono Boost)  
  16  0:49  Assimilator  
  17  0:51  Probe  
  18  1:03  Probe  
  19  1:16  Probe  
  20  1:26  Nexus  
  20  1:35  Cybernetics Core  
  21  1:40  Probe  
  21  1:45  Assimilator  
  21  1:52  Probe  
  22  1:55  Pylon  
  22  2:04  Probe  
  23  2:10  Adept (Chrono Boost)  
  25  2:16  Probe  
  25  2:18  Twilight Council  
  25  2:20  Warp Gate  
  26  2:28  Probe (Chrono Boost)  
  27  2:33  Stalker  
  29  2:39  Probe (Chrono Boost)  
  29  2:40  Probe (Chrono Boost)  
  31  2:48  Robotics Facility  
  31  2:50  Probe (Chrono Boost)  
  32  2:54  Probe  
  33  3:00  Probe  
  33  3:03  Adept  
  36  3:09  Gateway  
  36  3:11  Probe  
  28  3:12  Resonating Glaives (Chrono Boost)  
  37  3:23  Probe  
  38  3:33  Gateway  
  38  3:34  Gateway  
  38  3:35  Warp Prism (Chrono Boost)  
  40  3:44  Probe  
  40  3:46  Pylon, Probe  
  42  3:57  Probe  
  42  3:58  Probe  
  42  3:59  Pylon  
  44  4:08  Adept x2  
  48  4:11  Probe x2  
  48  4:12  Assimilator  
  48  4:15  Pylon  
  50  4:25  Probe x2  
  50  4:30  Adept x4  
  60  4:33  Pylon  
  60  4:39  Probe  
  60  4:40  Probe, Robotics Bay  
  60  4:52  Adept x2  
  60  4:53  Adept x2  
  54  5:11  Shield Battery  
  54  5:12  Assimilator, Observer (Chrono Boost)  
  55  5:19  Adept x4  
  63  5:21  Probe x2  
  65  5:33  Probe  
  65  5:34  Disruptor (Chrono Boost)  
  69  5:38  Nexus  
  69  5:40  Pylon  
  69  5:47  Gravitic Drive  
  69  5:48  Probe x2  
  71  5:58  Pylon  
  71  6:02  Observer  
  71  6:04  Shield Battery, Probe x2  
  73  6:07  Disruptor (Chrono Boost)  
  76  6:11  Forge  
  76  6:14  Adept x2  
  76  6:16  Probe  
  76  6:18  Pylon  
  81  6:22  Probe  
  81  6:24  Observer  
  82  6:28  Probe  
  82  6:32  Colossus (Chrono Boost)  
  83  6:34  Probe  
  90  6:40  Protoss Ground Weapons Level 1 (Chrono Boost), Probe  
  90  6:46  Observer  
  90  6:47  Probe  
  92  6:50  Extended Thermal Lance  
  92  6:51  Probe  
  92  6:52  Probe  
  94  6:59  Probe  
  95  7:03  Probe  
  95  7:04  Probe  
  95  7:05  Sentry x2  
  101  7:11  Colossus (Chrono Boost), Probe  
  101  7:15  Probe  
  103  7:16  Probe  
  103  7:18  Gateway  
  103  7:19  Gateway  
  110  7:32  Nexus  
  110  7:33  Stalker  
  110  7:34  Pylon, Stalker  
  114  7:37  Assimilator, Probe x2  
  114  7:38  Assimilator  
  116  7:47  Pylon  
  116  7:52  Stalker x2  
  116  7:57  Probe x2  
  122  7:58  Photon Cannon  
  122  8:01  Shield Battery  
  122  8:04  Photon Cannon  
  122  8:06  Colossus (Chrono Boost)  
  122  8:07  Probe  
  122  8:09  Probe  
  122  8:11  Gateway  
  122  8:12  Probe  
  131  8:14  Gateway  
  131  8:19  Probe  
  132  8:23  Probe  
  132  8:24  Protoss Ground Weapons Level 2 (Chrono Boost)  
  133  8:32  Observer  
  133  8:34  Probe  
  127  8:41  Probe x2  
  127  8:42  Gateway  
  127  8:44  Gateway, Sentry x4  
  127  8:45  Stalker x2  
  127  8:46  Blink (Chrono Boost)  
  134  8:51  Observer  
  130  9:06  Pylon  
  130  9:07  Pylon x2  
  130  9:08  Pylon, Sentry, Stalker x2  
  130  9:09  Stalker x2  
  140  9:14  Stalker x2  
  144  9:25  Colossus  
  150  9:32  Probe x2  
  150  9:34  Assimilator  
  150  9:35  Assimilator  
  152  9:41  Stalker x5  
  162  9:48  Stalker x2  
  162  9:50  Zealot x3  
  172  9:54  Pylon x2  
  163  10:13  Stalker x6  
  163  10:14  Stalker x2  
  179  10:15  Stalker  
  179  10:19  Stalker  
  155  10:49  Adept x3  
  144  10:50  Stalker x5  
  144  10:51  Stalker x2  
  152  11:10  Stalker x3  
  156  11:16  Stalker  
  156  11:17  Stalker x3  
  153  11:29  Stalker x3  
Show
View Real Time Build Order
Export as new Build Order

soO Zerg 

Build Orders: Hatch First 

Get SALT Encoding   

  12  0:00  Drone  
  13  0:11  Overlord  
  13  0:16  Drone  
  14  0:30  Drone x2  
  16  0:44  Drone  
  17  0:51  Hatchery  
  17  0:54  Drone  
  17  0:57  Drone  
  18  1:08  Extractor  
  17  1:12  Spawning Pool  
  17  1:15  Drone  
  17  1:18  Drone  
  18  1:27  Drone  
  19  1:37  Drone  
  20  1:50  Drone  
  21  1:59  Zergling x2  
  22  2:02  Queen  
  22  2:03  Queen  
  22  2:04  Drone  
  27  2:10  Overlord  
  27  2:12  Metabolic Boost  
  27  2:14  Drone  
  28  2:28  Drone x2  
  30  2:31  Drone  
  30  2:36  Drone  
  32  2:41  Hatchery  
  32  2:44  Zergling x2  
  32  2:46  Queen  
  32  2:50  Drone  
  35  2:55  Overlord  
  35  3:04  Drone  
  36  3:10  Overlord  
  36  3:13  Queen  
  36  3:14  Drone x3  
  36  3:19  Overlord  
  41  3:20  Drone x2  
  43  3:28  Queen  
  43  3:29  Drone  
  43  3:31  Drone  
  47  3:41  Drone x2  
  49  3:43  Drone x2  
  51  3:51  Queen  
  51  3:52  Drone x2, Queen  
  51  3:53  Drone  
  58  3:58  Drone  
  58  4:02  Baneling Nest  
  58  4:09  Zergling x12  
  64  4:18  Overlord  
  64  4:20  Zergling x2  
  64  4:21  Zergling x2  
  64  4:23  Overlord  
  65  4:24  Overlord  
  65  4:26  Spore Crawler  
  65  4:27  Overlord  
  65  4:30  Zergling x2  
  65  4:31  Overlord  
  65  4:37  Zergling x2, Spore Crawler x2  
  65  4:38  Zergling x4  
  66  4:42  Zergling x6  
  69  4:50  Zergling x6  
  68  4:53  Zergling x4  
  68  4:56  Zergling x4  
  68  4:57  Zergling x4  
  68  4:58  Zergling x4  
  68  5:02  Zergling x4  
  68  5:05  Zergling x2  
  61  5:11  Drone  
  61  5:14  Drone  
  62  5:17  Baneling x2  
  62  5:19  Drone x2  
  64  5:23  Baneling  
  64  5:25  Drone x2  
  64  5:27  Drone  
  67  5:31  Drone x2  
  67  5:34  Drone  
  70  5:36  Drone  
  70  5:39  Drone x2  
  70  5:42  Drone  
  74  5:43  Drone  
  74  5:45  Drone  
  74  5:47  Drone x2  
  78  5:50  Drone  
  78  5:51  Drone  
  78  5:54  Drone x2  
  82  5:58  Drone x2  
  82  6:01  Drone x2  
  85  6:06  Drone  
  85  6:07  Drone  
  85  6:08  Roach Warren  
  85  6:09  Drone  
  85  6:10  Drone  
  88  6:14  Overlord  
  88  6:19  Overlord  
  88  6:21  Extractor  
  88  6:22  Extractor  
  87  6:25  Drone x3  
  87  6:26  Drone  
  87  6:31  Lair  
  87  6:32  Drone x4  
  94  6:33  Drone x2  
  94  6:36  Drone x2  
  94  6:37  Extractor x2  
  94  6:38  Drone  
  94  6:39  Drone  
  98  6:42  Extractor  
  98  6:44  Drone x3  
  100  6:50  Roach x2  
  100  6:53  Roach x3  
  110  6:55  Drone  
  110  6:58  Evolution Chamber  
  110  7:07  Hatchery  
  109  7:11  Roach x3, Zergling x10  
  120  7:15  Drone x2  
  113  7:32  Drone x2  
  113  7:34  Centrifugal Hooks  
  113  7:36  Ravager x6  
  121  7:41  Overlord  
  121  7:42  Overseer  
  121  7:45  Zerg Melee Weapons Level 1  
  121  7:48  Overlord  
  121  7:50  Overlord  
  121  7:55  Overlord  
  121  8:00  Overlord x2  
  121  8:05  Overlord x2  
  121  8:07  Overlord  
  121  8:08  Drone x7  
  121  8:10  Zergling x12  
  134  8:17  Zergling x8  
  138  8:24  Zergling x4  
  134  8:37  Zergling x18  
  134  8:40  Drone  
  134  8:41  Drone  
  144  8:44  Drone x2  
  144  8:46  Infestation Pit  
  144  8:48  Zergling x6  
  146  8:51  Zergling x2  
  146  8:55  Zergling x6  
  150  9:03  Roach x2, Zergling x6  
  150  9:07  Baneling x18  
  157  9:11  Drone x3  
  160  9:18  Zergling x12  
  160  9:22  Baneling x26  
  160  9:23  Zergling x12  
  172  9:25  Baneling x6, Hatchery, Overseer  
  172  9:30  Zergling x8  
  175  9:31  Baneling x7  
  175  9:36  Baneling x4  
  171  9:38  Zergling x12  
  177  9:46  Zergling x8  
  181  9:53  Zergling x6  
  178  10:02  Zergling x14  
  178  10:06  Baneling x13  
  184  10:11  Zergling x16  
  192  10:17  Overlord  
  191  10:23  Overlord  
  186  10:31  Zergling x14  
  132  10:43  Zergling x24  
  132  10:47  Zergling x10  
  133  10:51  Baneling x4  
  133  10:55  Roach x2  
  131  11:01  Baneling x7  
  131  11:02  Hatchery  
  131  11:03  Zergling x10  
  135  11:04  Baneling x17  
  135  11:05  Baneling  
  135  11:11  Baneling x8  
  133  11:16  Baneling x2  
  133  11:17  Zergling x14  

Tags
 
Add a new tag
Caveats
  • Supply blocks, unpowered buildings, or Contaminate may cause inaccurate times.
  • Supply counts are checked every 10 seconds.